Description

aaaaaaaaa

Replay - LINGLINGS

Build Order

Get SALT Encoding   

  12  0:01  Drone  
  13  0:12  Overlord  
  13  0:18  Drone  
  14  0:31  Drone x3  
  17  0:45  Spawning Pool  
  17  0:47  Extractor  
  17  0:49  Drone  
  16  1:11  Hatchery  
  15  1:22  Overlord  
  15  1:31  Queen  
  17  1:40  Zergling x4  
  19  1:51  Metabolic Boost  
  19  2:02  Zergling x6  
  22  2:16  Overlord  
  22  2:23  Zergling x4  
  22  2:25  Queen  
  26  2:34  Zergling x4  
  28  2:42  Zergling x6  
  30  2:47  Overlord  
  29  2:51  Zergling x2  
  29  2:57  Zergling x4  
  32  3:07  Zergling x4  
  34  3:16  Zergling x6  
  37  3:23  Zergling x4  
  39  3:32  Zergling x8  
  41  3:42  Zergling x4  
Spawning Tool Build Advisor. Get it on Overwolf

Analysis

eeeeeeee

Go to:

Details

  • Created by: TwitchTOOS
  • Published on: Jun 01, 2018
  • Modified on: Jun 01, 2018
  • Patch: 4.0.0
Show
View Real Time Build Order
Export as new Build Order

Comments (0)

There are no comments. Be the first!

Create an account to comment!